 Dungeon Crawl Stone Soup version 0.21.1-1-g345015fe64 (webtiles) character file.

2256 HivePlant the Geomancer (level 9, -1/47 HPs)
             Began as a Gargoyle Earth Elementalist on July 7, 2018.
             Was a Follower of Vehumet.
             Slain by an iguana (6 damage)
             ... on level 8 of the Dungeon.
             The game lasted 01:07:27 (10432 turns).

HivePlant the Geomancer (GrEE)                     Turns: 10432, Time: 01:07:28

Health: -1/47      AC:  8    Str: 16    XL:     9   Next: 37%
Magic:  13/21      EV: 12    Int: 19    God:    Vehumet [*.....]
Gold:   439        SH:  0    Dex: 10    Spells: 18/24 levels left

rFire    . . .     SeeInvis .   l - +2 dagger (freeze)
rCold    . . .     Gourm    .   (no shield)
rNeg     + . .     Faith    .   (no armour)
rPois    ∞         Spirit   .   (no helmet)
rElec    +         Reflect  .   (no cloak)
rCorr    .         Harm     .   v - +1 pair of gloves
MR       +....                  (no boots)
Stlth    ++........             (no amulet)
HPRegen  0.15/turn              y - +4 ring of strength
MPRegen  0.17/turn              E - ring of protection from magic

@: no status effects
A: negative energy resistance 1, electricity resistance, unbreathing,
petrification resistance, rot immunity, AC +6
a: Renounce Religion


You were on level 8 of the Dungeon.
You worshipped Vehumet.
Vehumet was aware of your devotion.
You were not hungry.

You visited 2 branches of the dungeon, and saw 9 of its levels.

You collected 439 gold pieces.

Inventory:

Hand Weapons
 l - a +2 dagger of freezing (weapon)
 w - a +0 quarterstaff
 x - a +1 dagger of venom
Missiles
 D - 19 stones (quivered)
Armour
 c - the +2 robe "Mitax" {rC+ rN+ Str-3 Dex+3, unknown}
   (You found it on level 8 of the Dungeon)

   It affects your strength (-3).
   It affects your dexterity (+3).
   It protects you from cold.
   It protects you from negative energy.
 v - a +1 pair of gloves (worn)
 z - a +0 leather armour
Jewellery
 r - an uncursed ring of protection from fire
 y - a +4 ring of strength (left hand)
 E - a ring of protection from magic (right hand)
Wands
 n - a wand of acid (16)
 I - a wand of flame (30)
 J - a wand of iceblast (15)
Scrolls
 a - 2 scrolls of identify
 b - a scroll of fog {unknown}
 g - 4 scrolls of enchant armour
 i - 2 scrolls of remove curse
 j - 3 scrolls of fear {unknown}
 k - 3 scrolls of immolation {unknown}
 q - a scroll of noise {unknown}
 t - 2 scrolls of teleportation {unknown}
 C - 2 scrolls of magic mapping {unknown}
Potions
 f - a potion of invisibility
 h - 4 potions of heal wounds
 o - 3 potions of haste
 p - 3 potions of brilliance {unknown}
 u - 3 potions of agility
 A - 2 potions of might
 B - 2 potions of curing
 F - 2 potions of lignification
 G - a potion of mutation
 H - a potion of flight
Books
 e - a book of Geomancy

   Spells                             Type                      Level
   a - Sandblast                      Earth                        1
   b - Passwall                       Transmutation/Earth          2
   c - Stone Arrow                    Conjuration/Earth            3
   d - Petrify                        Transmutation/Earth          4
   e - Lee's Rapid Deconstruction     Earth                        5
 m - a book of Debilitation

   Spells                             Type                      Level
   a - Corona                         Hexes                        1
   b - Slow                           Hexes                        2
   c - Inner Flame                    Hexes/Fire                   3
   d - Portal Projectile              Hexes/Translocation          3
   e - Cause Fear                     Hexes                        4
   f - Leda's Liquefaction            Hexes/Earth                  4
 s - a book of Misfortune

   Spells                             Type                      Level
   a - Confusing Touch                Hexes                        1
   b - Confuse                        Hexes                        3
   c - Gell's Gravitas                Translocation                3
   d - Petrify                        Transmutation/Earth          4
   e - Metabolic Englaciation         Hexes/Ice                    5
   f - Yara's Violent Unravelling     Hexes/Transmutation          5
Comestibles
 d - 9 rations


   Skills:
 + Level 1.3 Fighting
 + Level 1.0 Armour
 + Level 1.8 Dodging
 - Level 2.1 Stealth
 + Level 8.0 Spellcasting
   Level 0.7 Transmutations
 - Level 10.5 Earth Magic
 + Level 1.0 Evocations


You had 18 spell levels left.
You knew the following spells:

 Your Spells              Type           Power        Failure   Level  Hunger
a - Sandblast             Erth           #####.       1%          1    None
b - Lee's Rapid Deconstr  Erth           #####.....   3%          5    #####..


Dungeon Overview and Level Annotations

Branches:
Dungeon (8/15)             Temple (1/1) D:5
   Lair: D:8-11

Altars:
Ashenzari
Cheibriados
Dithmenos
Elyvilon
Gozag
Hepliaklqana
Kikubaaqudgha
Makhleb
Nemelex Xobeh
Okawaru
Qazlal
Ru
Sif Muna
Trog
Uskayaw
Vehumet
Wu Jian
Xom
Yredelemnul
Zin
The Shining One

Shops:
D:5 :   D:6 =   D:7 [

Annotations:
D:4 Pikel; lis82's ghost, amateur SpEn


Innate Abilities, Weirdness & Mutations

You are resistant to torment.
Your stone body is resilient. (AC +6)
You are immune to poison.
You resist negative energy. (rN+)
You are resistant to electric shocks. (rElec)
You can survive without breathing.
You are immune to petrification.
You are immune to rotting.


Message History

Found 18 gold pieces.
The adder barely misses you. The adder bites you but does no damage.
There is a stone staircase leading down here.
The adder closely misses you.
Casting: Sandblast
Confirm with . or Enter, or press ? or * to list all spells.
Aiming: Lee's Rapid Deconstruction
Press: ? - help, Dir - move target cursor, p - adder The wall shatters!
The blast of rock fragments hits the adder.
You kill the adder!
Vehumet accepts your kill.
Your Armour skill increases to level 1!
The blast of rock fragments hits the iguana.
The iguana is heavily wounded.
The iguana bites you.
* * * LOW HITPOINT WARNING * * *
You swing at nothing.
The iguana bites you.
You die...

####### ##......#
##........
#.........
#.........
#.........
#.@.......
#†l......>.
#.>.......#
##........##
######..........#
................###
######..........#.#
#...!.......†#
.###!.........#


You could see an iguana.

Vanquished Creatures
  A hungry ghost (D:5)
  A water moccasin (D:8)
  A phantom (D:7)
  A slave (D:3)
  A sky beast (D:8)
  An ice beast (D:6)
  A necrophage (D:5)
  An orc warrior (D:6)
  2 centaurs
  3 ogres
  2 bullfrogs
  A scorpion (D:5)
  4 wights
  2 howler monkeys (D:5)
  2 crimson imps
  A jelly (D:7)
  A bullfrog zombie (D:7)
  An orc priest (D:6)
  2 hounds
  A centaur skeleton (D:7)
  7 worker ants
  2 hound skeletons
  6 gnolls
  A howler monkey skeleton (D:4)
  11 adders
  A shadow imp (D:6)
  3 oozes
  2 adder skeletons
  2 adder zombies (D:5)
  4 worms
  A dart slug (D:2)
  6 leopard geckos
  11 orcs
  6 giant cockroaches
  7 goblins
  4 hobgoblins
  10 jackals
  2 quokkas
  3 ball pythons
  9 bats
  4 frilled lizards
  7 kobolds
  A leopard gecko skeleton (D:7)
  2 quokka skeletons
  A quokka zombie (D:5)
  5 rats
148 creatures vanquished.

Notes
Turn   | Place    | Note
-------+----------+-------------------------------------------
     0 | D:1      | HivePlant the Gargoyle Earth Elementalist began the quest for the Orb.
     0 | D:1      | Reached XP level 1. HP: 10/10 MP: 3/3
   148 | D:1      | Reached skill level 4 in Earth Magic
   148 | D:1      | Reached XP level 2. HP: 15/15 MP: 1/5
   669 | D:1      | Reached XP level 3. HP: 19/19 MP: 4/6
  1468 | D:2      | Reached XP level 4. HP: 20/24 MP: 8/8
  1702 | D:2      | Reached skill level 5 in Earth Magic
  2237 | D:3      | Found a sacrificial altar of Ru.
  2403 | D:3      | Reached XP level 5. HP: 28/28 MP: 10/10
  2436 | D:3      | Found an ancient bone altar of Kikubaaqudgha.
  2467 | D:3      | Found a glowing golden altar of the Shining One.
  2475 | D:3      | Found a basalt altar of Yredelemnul.
  2891 | D:4      | Found a glowing silver altar of Zin.
  3321 | D:4      | Noticed lis82's ghost (amateur SpEn)
  3392 | D:3      | Reached skill level 6 in Earth Magic
  3392 | D:3      | Reached XP level 6. HP: 16/32 MP: 7/12
  4091 | D:4      | Noticed a slave
  4091 | D:4      | Noticed a slave
  4092 | D:4      | Noticed Pikel
  4145 | D:3      | Killed a slave
  4528 | D:5      | Entered Level 5 of the Dungeon
  4540 | D:5      | Reached XP level 7. HP: 36/36 MP: 11/14
  4542 | D:5      | Reached skill level 5 in Spellcasting
  4542 | D:5      | Reached skill level 7 in Earth Magic
  4758 | D:5      | Found a sparkling altar of Nemelex Xobeh.
  5056 | D:5      | Found a staircase to the Ecumenical Temple.
  5215 | D:5      | Found a shimmering altar of Xom.
  5227 | D:5      | Found a shimmering altar of Xom.
  5227 | D:5      | Found Ciefyar's Book Boutique.
  5228 | D:5      | Found a shimmering altar of Xom.
  5435 | D:5      | Found a shimmering altar of Xom.
  5795 | D:6      | Reached skill level 8 in Earth Magic
  5994 | D:6      | Found a hide-covered altar of Uskayaw.
  6031 | D:5      | Reached XP level 8. HP: 11/41 MP: 14/16
  6366 | Temple   | Entered the Ecumenical Temple
  6548 | Temple   | Became a worshipper of Vehumet
  6617 | D:6      | Found Xicepueq's Jewellery Boutique.
  7118 | D:5      | Reached skill level 9 in Earth Magic
  8222 | D:7      | Found a shadowy altar of Dithmenos.
  8499 | D:6      | Reached skill level 10 in Earth Magic
  8554 | D:7      | Reached XP level 9. HP: 39/45 MP: 17/20
  9301 | D:7      | Reached * piety under Vehumet
  9301 | D:7      | Offered knowledge of Sting by Vehumet.
  9550 | D:7      | Found Taco's Antique Armour Emporium.
 10060 | D:7      | Found an iron altar of Okawaru.
 10399 | D:8      | Learned a level 5 spell: Lee's Rapid Deconstruction
 10401 | D:8      | Reached skill level 1 in Fighting
 10406 | D:8      | Got a creamy pearl robe
 10413 | D:8      | Reached skill level 1 in Evocations
 10431 | D:8      | Reached skill level 1 in Armour
 10432 | D:8      | Slain by an iguana

Skill      XL: |  1  2  3  4  5  6  7  8  9 |
---------------+----------------------------+-----
Earth Magic    | 4 5 6 8 10 | 10.5
Spellcasting   | 3 4 5 7 8 |  8.0
Fighting       | 1 |  1.3
Evocations     | 1 |  1.0
Armour         | 1 |  1.0
Dodging        | |  1.8
Stealth        | |  2.1
Transmutations | |  0.7

Action                   |  1- 3 |  4- 6 |  7- 9 || total
-------------------------+-------+-------+-------++-------
Melee: Short sword       |    24 |    93 |       ||   117
       Dagger            |       |    77 |   321 ||   398
 Cast: Sandblast         |    35 |    49 |    49 ||   133
       Lee's Rapid Decon |       |       |     2 ||     2
Evoke: Wand              |       |       |     2 ||     2
  Use: Scroll            |       |       |    11 ||    11
       Potion            |       |       |     1 ||     1
 Stab: Sleeping          |     1 |     6 |     3 ||    10
  Eat: Chunk             |     2 |     8 |     8 ||    18
       Ration            |       |     1 |     4 ||     5
Armor: Robe              |     5 |    79 |   119 ||   203
       Skin              |       |       |     3 ||     3
Dodge: Dodged            |    17 |   143 |   208 ||   368
